Map: Frozen Temple

Players

dre

  • Race: Protoss Protoss
  • League: Diamond

blackxored - Winner!

  • Race: Zerg Zerg
  • League: Platinum

VOD

Have the link to the VOD?

Description

Time

  • Played on: June 26, 2016, 8:25 p.m.
  • Length: 16:36
Show
View Real Time Build Order
Export as new Build Order

dre Protoss 

Build Orders:  

Get SALT Encoding   

  12  0:01  Probe (Chrono Boost)  
  13  0:11  Probe (Chrono Boost)  
  14  0:20  Pylon  
  14  0:24  Probe (Chrono Boost)  
  15  0:38  Probe (Chrono Boost)  
  16  0:48  Probe (Chrono Boost)  
  17  0:59  Probe (Chrono Boost)  
  18  1:06  Forge  
  18  1:10  Probe (Chrono Boost)  
  19  1:19  Nexus  
  19  1:28  Pylon  
  19  1:32  Probe (Chrono Boost)  
  20  1:35  Assimilator  
  20  1:46  Photon Cannon  
  20  1:55  Photon Cannon  
  20  2:00  Pylon  
  20  2:07  Probe (Chrono Boost)  
  21  2:17  Probe (Chrono Boost)  
  21  2:21  Gateway  
  22  2:28  Probe (Chrono Boost)  
  22  2:29  Pylon  
  23  2:33  Assimilator  
  24  2:37  Probe (Chrono Boost)  
  24  2:38  Probe (Chrono Boost)  
  25  2:47  Probe (Chrono Boost)  
  25  2:49  Probe (Chrono Boost)  
  27  2:56  Photon Cannon  
  27  2:58  Probe (Chrono Boost)  
  28  3:00  Probe (Chrono Boost)  
  28  3:05  Pylon  
  29  3:08  Cybernetics Core  
  29  3:10  Zealot (Chrono Boost)  
  29  3:11  Probe (Chrono Boost)  
  31  3:13  Probe  
  33  3:22  Probe  
  33  3:25  Probe  
  35  3:29  Pylon  
  35  3:32  Probe, Assimilator  
  36  3:37  Probe  
  37  3:43  Probe  
  37  3:49  Probe  
  37  3:50  Twilight Council  
  37  3:52  Gateway  
  37  3:53  Probe  
  37  3:54  Gateway  
  39  3:57  Warp Gate (Chrono Boost)  
  39  4:01  Adept (Chrono Boost), Probe  
  42  4:03  Mothership Core  
  44  4:13  Probe  
  44  4:16  Protoss Ground Weapons Level 1  
  45  4:19  Pylon  
  45  4:23  Probe  
  45  4:25  Probe, Resonating Glaives  
  45  4:30  Stalker (Chrono Boost)  
  49  4:35  Probe  
  50  4:38  Gateway  
  50  4:42  Gateway  
  52  4:47  Adept (Chrono Boost)  
  52  4:48  Adept (Chrono Boost)  
  52  4:52  Probe x2  
  56  4:56  Assimilator  
  56  5:22  Adept (Chrono Boost)  
  56  5:24  Adept x2 (Chrono Boost)  
  62  5:38  Nexus  
  62  5:39  Pylon  
  62  5:42  Pylon  
  62  5:49  Gateway  
  66  5:51  Gateway  
  66  5:53  Gateway  
  66  5:56  Pylon  
  62  6:05  Charge (Chrono Boost)  
  62  6:06  Adept  
  62  6:07  Adept, Stalker x2  
  62  6:08  Stalker  
  72  6:20  Photon Cannon  
  72  6:21  Gateway  
  72  6:23  Pylon  
  72  6:24  Probe x2  
  74  6:29  Stalker, Protoss Ground Armor Level 1  
  76  6:36  Probe  
  77  6:45  Stalker  
  77  6:46  Stalker  
  81  6:47  Adept x2  
  81  6:49  Adept  
  86  7:02  Robotics Facility  
  86  7:06  Robotics Facility  
  78  7:37  Templar Archives, Probe  
  78  7:38  Gateway  
  78  7:39  Probe x2  
  73  7:45  Zealot  
  73  7:46  Zealot x3  
  73  7:47  Zealot  
  73  7:48  Stalker x2, Probe  
  73  7:49  Stalker  
  73  7:51  Probe x2  
  90  7:52  Observer (Chrono Boost)  
  90  7:55  Immortal (Chrono Boost)  
  95  8:00  Probe  
  95  8:04  Probe x2  
  98  8:09  Protoss Shields Level 1  
  98  8:10  Blink  
  98  8:18  Assimilator  
  98  8:21  Immortal (Chrono Boost), Assimilator  
  98  8:23  Probe  
  98  8:24  Probe x2  
  105  8:36  Probe  
  105  8:37  Immortal (Chrono Boost)  
  105  8:38  Stalker, Zealot  
  114  8:54  Photon Cannon, Probe x3  
  117  8:58  Pylon  
  117  9:01  Pylon x2  
  117  9:02  Immortal (Chrono Boost)  
  99  9:19  Stalker x3  
  99  9:20  Stalker x2  
  99  9:29  Stalker  
  99  9:30  Zealot x4  
  73  9:47  Immortal (Chrono Boost), Zealot  
  73  9:48  Zealot x4  
  73  10:03  Immortal (Chrono Boost)  
  73  10:08  Zealot x2  
  73  10:09  Zealot x5  
  85  10:16  Probe x3  
  82  10:28  Probe x2  
  81  10:29  Immortal (Chrono Boost)  
  81  10:32  Photon Cannon, Probe  
  87  10:40  Probe x2  
  89  10:44  Probe  
  89  10:46  Observer (Chrono Boost)  
  91  10:52  Probe x2  
  91  10:55  Pylon  
  91  10:56  Probe  
  94  11:03  Immortal (Chrono Boost), Protoss Ground Armor Level 2  
  98  11:05  Observer (Chrono Boost)  
  98  11:10  Stalker x2  
  103  11:16  Stalker  
  103  11:18  Stalker  
  107  11:24  Immortal (Chrono Boost)  
  111  11:27  Stalker  
  113  11:44  Immortal (Chrono Boost)  
  98  11:47  Zealot x2  
  98  11:53  Stalker  
  90  11:55  Zealot  
  90  11:57  High Templar  
  90  11:58  High Templar, Immortal (Chrono Boost)  
  100  12:02  Archon  
  100  12:18  Observer (Chrono Boost)  
  100  12:26  Zealot  
  100  12:27  Zealot x7  
  100  12:38  Zealot x2  
  84  12:48  Probe x3  
  84  12:50  High Templar x3  
  93  12:51  High Templar  
  93  12:54  Stalker  
  97  13:00  Archon x2  
  97  13:01  Zealot  
  97  13:04  Stalker  
  101  13:23  Nexus  
  101  13:29  Pylon  
  101  13:31  Observer (Chrono Boost), Pylon  
  102  13:37  Observer (Chrono Boost)  
  103  13:47  Protoss Ground Weapons Level 2  
  103  13:49  High Templar x2  
  103  13:50  Stalker  
  103  13:51  Stalker  
  103  13:53  Archon  
  109  14:07  Immortal (Chrono Boost)  
  113  14:13  Photon Cannon  
  113  14:18  Photon Cannon  
  113  14:23  Observer (Chrono Boost)  
  114  14:44  High Templar x3  
  114  14:45  High Templar  
  114  14:46  Stalker  
  114  14:49  Archon x2  
  114  14:51  Stalker  
  118  14:59  Observer (Chrono Boost)  
  103  15:05  Observer (Chrono Boost)  
  99  15:13  Zealot x5  
  88  15:34  Immortal x2 (Chrono Boost)  
  96  15:43  Zealot x8  
  91  16:06  Zealot  
  91  16:07  Zealot x4  
Show
View Real Time Build Order
Export as new Build Order

blackxored Zerg - Winner!

Build Orders: Hatch First, Lurkers 

Get SALT Encoding   

  12  0:01  Drone  
  13  0:09  Drone  
  14  0:19  Overlord  
  14  0:23  Extractor  
  14  0:24  Drone  
  15  0:39  Drone x2  
  17  1:00  Hatchery  
  16  1:05  Drone  
  16  1:06  Drone  
  18  1:21  Extractor  
  18  1:22  Spawning Pool  
  18  1:24  Drone  
  17  1:28  Drone x2  
  19  1:51  Hatchery  
  19  2:19  Zergling x2  
  19  2:20  Zergling x4  
  22  2:32  Hatchery  
  21  2:51  Drone  
  22  2:52  Overlord x2  
  22  3:04  Queen  
  22  3:05  Queen  
  26  3:10  Metabolic Boost  
  26  3:15  Drone x3  
  29  3:20  Drone  
  30  3:30  Drone  
  31  3:40  Pneumatized Carapace  
  32  3:41  Drone x3  
  34  3:49  Drone  
  34  3:50  Drone x2  
  37  4:00  Zergling x6  
  40  4:05  Queen  
  40  4:07  Overlord  
  42  4:10  Drone x2  
  42  4:16  Queen  
  46  4:38  Drone x4  
  50  4:47  Zergling x8  
  50  4:48  Zergling x2  
  50  4:50  Drone x3  
  58  4:55  Overlord  
  58  4:57  Overlord  
  58  5:17  Spore Crawler  
  58  5:18  Drone x2  
  58  5:19  Lair, Spine Crawler  
  58  5:23  Drone, Spore Crawler  
  58  5:24  Drone, Spine Crawler  
  58  5:27  Spore Crawler  
  58  5:28  Drone x6, Spine Crawler  
  59  5:29  Drone  
  59  5:30  Drone  
  59  5:33  Drone  
  64  5:39  Extractor  
  64  5:40  Roach Warren, Drone  
  64  5:42  Drone  
  64  5:58  Extractor x2  
  64  5:59  Drone x3  
  64  6:01  Overlord  
  64  6:19  Glial Reconstitution  
  64  6:23  Drone x6  
  64  6:24  Drone  
  71  6:28  Drone x3  
  71  6:30  Overlord x3  
  71  6:31  Overlord x4  
  73  6:49  Roach x6  
  73  6:50  Roach x3  
  90  7:08  Roach x9  
  105  7:21  Roach x7  
  118  7:42  Roach x4  
  118  7:43  Overlord  
  118  7:44  Overlord x3  
  120  7:49  Drone  
  121  7:52  Overlord  
  121  7:53  Overlord  
  121  8:08  Drone x2  
  121  8:09  Drone  
  121  8:10  Evolution Chamber  
  121  8:11  Drone x2, Evolution Chamber  
  121  8:12  Drone  
  125  8:17  Ravager  
  125  8:18  Ravager x4  
  130  8:24  Hatchery  
  130  8:26  Drone x2  
  131  8:47  Zergling x26  
  144  8:48  Zerg Missile Weapons Level 1, Zerg Ground Armor Level 1  
  144  8:53  Hydralisk Den  
  144  8:54  Zergling x6  
  146  8:58  Queen  
  134  9:14  Roach x5  
  134  9:18  Zergling x8  
  132  9:25  Zergling x4  
  132  9:29  Zergling x2  
  132  9:30  Zergling x6  
  126  9:35  Zergling x4  
  109  9:46  Overseer  
  109  9:48  Zergling x10  
  109  10:01  Zergling x10  
  103  10:15  Zergling x10  
  87  10:22  Zergling x2  
  87  10:23  Zergling x4  
  87  10:27  Hydralisk x2  
  87  10:32  Hydralisk  
  87  10:34  Hydralisk  
  87  10:35  Hydralisk  
  93  10:43  Hydralisk x3  
  99  10:54  Zerg Ground Armor Level 2, Zerg Missile Weapons Level 2  
  99  10:55  Hydralisk x4  
  107  10:58  Lurker Den  
  107  11:03  Queen  
  107  11:04  Hydralisk x3  
  109  11:06  Zergling x2  
  109  11:07  Zergling x16  
  109  11:11  Extractor, Drone  
  124  11:12  Extractor, Drone  
  124  11:18  Drone x2  
  126  11:21  Drone  
  127  11:34  Hydralisk x6  
  127  11:36  Zergling x14  
  134  11:48  Hydralisk  
  134  11:49  Hydralisk x3  
  134  11:53  Zergling x2  
  141  12:04  Zergling x2  
  141  12:05  Zergling x10  
  141  12:06  Zergling x6  
  147  12:19  Hatchery  
  116  12:30  Zergling x28  
  109  12:40  Zergling x4  
  109  12:43  Muscular Augments  
  96  12:47  Roach x3  
  102  12:53  Hydralisk x2  
  106  13:01  Baneling Nest  
  106  13:02  Hydralisk x4  
  106  13:03  Hydralisk x6  
  125  13:07  Lurker x2  
  126  13:21  Hydralisk x2  
  126  13:22  Hydralisk x2  
  134  13:30  Lurker  
  135  13:36  Drone  
  135  13:37  Drone x7  
  135  13:38  Drone x3  
  146  13:41  Extractor  
  146  13:42  Extractor  
  144  13:49  Hatchery  
  144  13:50  Spire, Zergling x6  
  144  14:05  Baneling x13  
  144  14:07  Baneling  
  144  14:08  Baneling  
  144  14:09  Baneling  
  144  14:11  Baneling  
  144  14:15  Lurker  
  145  14:33  Baneling x6  
  140  14:46  Centrifical Hooks  
  138  14:57  Hydralisk  
  138  14:58  Hydralisk x7  
  137  15:14  Zergling x4  
  137  15:15  Zergling x46  
  158  15:25  Lurker x4  
  162  15:31  Drone  
  162  15:34  Infestation Pit  
  129  16:04  Hydralisk  
  129  16:05  Hydralisk x7  
  129  16:06  Spore Crawler  
  129  16:07  Spine Crawler x2  
  129  16:08  Spine Crawler  
  129  16:09  Spine Crawler  
  136  16:13  Zergling x10  
Tags
 
Add a new tag
Caveats
  • Supply blocks, unpowered buildings, or Contaminate may cause inaccurate times.
  • Supply counts are checked every 10 seconds.